 Dungeon Crawl Stone Soup version 0.28-a0-1404-g4df0f3684d (webtiles) character file.

Game seed: 998827150404020763

60 fragbeetle the Ruffian (level 3, -2/29 HPs)
             Began as a Draconian Transmuter on Jan 6, 2022.
             Slain by an iguana (9 damage)
             ... on level 2 of the Dungeon.
             The game lasted 00:02:39 (1534 turns).

fragbeetle the Ruffian (Draconian Transmuter)       Turns: 1534, Time: 00:02:40

Health: -2/29      AC:  5    Str: 14    XL:     3   Next: 82%
Magic:  6/6        EV: 12    Int: 13    God:
Gold:   128        SH:  0    Dex: 11    Spells: 2/6 levels left

rFire   . . .      SeeInvis .     - Unarmed
rCold   . . .      Faith    .   (no shield)
rNeg    . . .      Spirit   .   (armour unavailable)
rPois   .          Reflect  .   (helmet currently unavailable)
rElec   .          Harm     .   (no cloak)
rCorr   .          Rampage  .   (no gloves)
Will    .....                   (boots currently unavailable)
Stlth   +.........              (no amulet)
HPRegen 0.09/turn               (no ring)
MPRegen 0.10/turn               (no ring)

@: appendages (expiring)
A: horns 2, talons 2, AC +5, unfitting armour, cold-blooded
a: End Transformation


You were on level 2 of the Dungeon.
You had temporarily grown beastly horns and talons.
You visited 1 branch of the dungeon, and saw 2 of its levels.

You collected 128 gold pieces.

Inventory:

Missiles
 c - 39 stones
Scrolls
 a - a scroll of fear {unknown}
 b - a scroll of identify {unknown}
 d - 3 scrolls of magic mapping {unknown}
 e - a scroll of blinking {unknown}
Potions
 f - 2 potions of curing {unknown}


   Skills:
 + Level 1.9 Fighting
 + Level 2.2 Dodging
 * Level 3.6 Unarmed Combat
 - Level 2.0 Spellcasting
 * Level 2.9 Transmutations
 + Level 0.0 Poison Magic


You had 2 spell levels left.
You knew the following spells:

 Your Spells              Type           Power      Damage    Failure   Level
a - Beastly Appendage     Tmut           18%        N/A       8%          1
b - Spider Form           Tmut/Pois      5%         N/A       38%         3

Your spell library contained the following spells:

 Spells                   Type           Power      Damage    Failure   Level
 Wereblood                Tmut           9%         N/A       12%         2
 Ensorcelled Hibernation  Hex/Ice        2%         N/A       36%         2
 Confusing Touch          Hex            1%         N/A       58%         3
 Ice Form                 Ice/Tmut       5%         N/A       80%         4
 Yara's Violent Unravell  Hex/Tmut       2%         3d3       98%         5
 Enfeeble                 Hex            0%         N/A       100%        7


Dungeon Overview and Level Annotations

Branches:
Dungeon (2/15)

Altars:


Innate Abilities, Weirdness & Mutations

You have temporarily grown beastly horns and talons.
Your plain brown scales are hard. (AC +5)
You cannot fit into any form of body armour.
You are cold-blooded and may be slowed by cold attacks.


Message History

Things that are here:
a +0 dagger; a kobold corpse You now have 128 gold pieces (gained 6).
Your transformation is almost over.
Your horns disappear.
Your talons disappear.
An iguana comes into view.
You grow a pair of large bovine horns.
Your feet morph into talons.
The iguana hisses angrily.
You barely miss the iguana. Your kick misses the iguana.
You closely miss the iguana. The iguana closely misses you.
You hit the iguana but do no damage. Your kick misses the iguana.
Your tail-slap misses the iguana.
The iguana barely misses you.
You closely miss the iguana. You claw the iguana, but do no damage.
The iguana bites you!
You barely miss the iguana. Your kick misses the iguana.
The iguana hisses menacingly.
The iguana bites you.
You hit the iguana but do no damage. You claw the iguana.
The iguana is lightly wounded.
The iguana barely misses you.
You hit the iguana. Your kick misses the iguana.
You headbutt the iguana, but do no damage.
The iguana is moderately wounded.
The iguana bites you but does no damage.
You hit the iguana but do no damage. You claw the iguana, but do no damage.
The iguana is moderately wounded.
The iguana barely misses you.
You hit the iguana. Your kick misses the iguana.
Your tail-slap misses the iguana.
The iguana is heavily wounded.
The iguana barely misses you.
You hit the iguana but do no damage.
The iguana is heavily wounded.
Your transformation is almost over.
The iguana bites you.
* * * LOW HITPOINT WARNING * * *
You barely miss the iguana.
The iguana is heavily wounded.
The iguana bites you!
You die...

########################
................@l......
########################
## .############
.............


You could see an iguana.

Vanquished Creatures
  2 adders (D:2)
  2 dart slugs
  3 endoplasms (D:1)
  4 giant cockroaches
  2 hobgoblins (D:1)
  5 jackals (D:1)
  2 kobolds
  2 quokkas (D:1)
  2 ball pythons
  3 bats
  3 frilled lizards
  3 goblins (D:1)
  4 rats
37 creatures vanquished.

Notes
Turn   | Place    | Note
-------+----------+-------------------------------------------
     0 | D:1      | fragbeetle the Draconian Transmuter began the quest for the
                  | Orb.
     0 | D:1      | Reached XP level 1. HP: 16/16 MP: 3/3
   204 | D:1      | Reached XP level 2. HP: 23/23 MP: 3/5
   974 | D:1      | Reached XP level 3. HP: 25/29 MP: 4/6
  1283 | D:2      | Learned a level 3 spell: Spider Form
  1341 | D:2      | Found a faded altar of an unknown god.
  1534 | D:2      | Slain by an iguana

Illustrated notes

Levels and vault maps discovered:
D:1:      grunt_arrival_crossed_arrows, layout_rooms, dk_noncrumbling_2
D:2:      layout_basic, shapermc_ecumenical_altar_totnotflames

Skill      XL: |  1  2 |
---------------+-------+-----
Dodging        | 2 |  2.2
Fighting       | |  1.9
Unarmed Combat | |  3.6
Spellcasting   | |  2.0
Transmutations | |  2.9

Action                   || total
-------------------------++-------
Melee: Unarmed           ||   101
       Kick              ||    23
       Tailslap          ||     3
       Headbutt          ||    11
 Cast: Beastly Appendage ||    26
 Stab: Sleeping          ||     1
Armor: Skin              ||    28
Dodge: Dodged            ||    64

Table legend: (Time is in decaauts)
 A = Elapsed time spent in this place.
 B = Non-inter-level travel time spent in this place.
 C = Inter-level travel time spent in this place.
 D = Time resting spent in this place.
 E = Time spent auto-exploring this place.
 F = Levels seen in this place.
 G = Mean time per level.
                   A        B        C        D        E       F      G
               +--------+--------+--------+--------+--------+-----+--------+
         Total |   1529 |   1500 |     29 |    291 |    862 |   2 |  764.5 |
       Dungeon |   1529 |   1500 |     29 |    291 |    862 |   2 |  764.5 |
               +--------+--------+--------+--------+--------+-----+--------+

Top non-repeatable levels by time:
     D:1: 1159 daAuts
     D:2: 369 daAuts
